 Dungeon Crawl Stone Soup version 0.21-a0-529-g8c7b3f5 (webtiles) character file.

23 slep the Chopper (level 3, -10/28 HPs)
             Began as a Barachi Gladiator on Dec 11, 2017.
             Mangled by Sigmund
             ... wielding a +0 scythe
              (12 damage)
             ... on level 2 of the Dungeon.
             The game lasted 00:01:54 (741 turns).

slep the Chopper (Barachi Gladiator)                 Turns: 741, Time: 00:01:55

Health: -10/28     AC:  4    Str: 16    XL:     3   Next: 0%
Magic:  3/3        EV: 13    Int:  8    God:
Gold:   86         SH:  0    Dex: 13    Spells: 2/2 levels left

rFire    . . .     SeeInvis .   a - +0 war axe
rCold    . . .     Gourm    .   (no shield)
rNeg     . . .     Faith    .   b - +0 leather armour
rPois    .         Spirit   .   c - +0 helmet
rElec    .         Reflect  .   (no cloak)
rCorr    .         Harm     .   (no gloves)
MR       .....                  (no boots)
Stlth    +.........             (no amulet)
HPRegen  0.09/turn              l - ring of flight
MPRegen  0.08/turn              (no ring)

@: confused, slow
A: +LOS, swims, slowness 1, strong legs 1
a: Hop, Evoke Flight


You were on level 2 of the Dungeon.
You were not hungry.

You visited 1 branch of the dungeon, and saw 2 of its levels.

You collected 86 gold pieces.

Inventory:

Hand Weapons
 a - a +0 war axe (weapon)
Missiles
 d - 3 throwing nets (quivered)
Armour
 b - a +0 leather armour (worn)
 c - a +0 helmet (worn)
Jewellery
 l - a ring of flight (left hand)
Scrolls
 h - 2 scrolls of remove curse {unknown}
 k - a scroll of teleportation {unknown}
 m - 2 scrolls of identify {unknown}
 n - a scroll of fog {unknown}
Potions
 e - a potion of ambrosia {unknown}
 g - 2 potions of mutation {unknown}
 i - a potion of heal wounds {unknown}
 j - a potion of berserk rage {unknown}
Comestibles
 f - 2 bread rations


   Skills:
 + Level 2.5 Fighting
 + Level 4.0 Axes
 + Level 2.1 Throwing
 + Level 0.1 Armour
 + Level 3.6 Dodging
 + Level 0.2 Stealth


You had 2 spell levels left.
You didn't know any spells.

Dungeon Overview and Level Annotations

Branches:
Dungeon (2/15)

Altars:

Annotations:
D:2 Sigmund


Innate Abilities, Weirdness & Mutations

Shadows flee at your approach. (+LOS)
You can swim through water.
You cover ground slowly.
You can hop short distances.


Message History

Your experience leads to an increase in your attributes!
Increase (S)trength, (I)ntelligence, or (D)exterity?
You feel stronger. Something barely misses you.
You hear some strange, mumbled words.
Something tries to affect you, but you resist.
You are confused.
You are more confused.
You bump into the rock wall.
You bump into the rock wall.
You hear some strange, mumbled words.
Something tries to affect you, but you resist.
You're too confused to move!
A magic dart appears from out of thin air!
The magic dart hits you!
Unknown command.
Something hits you!
* * * LOW HITPOINT WARNING * * *
Something hits you!
You die...

#.......# #(.)....#
######.......######
...........>.'.....
#.#.#.......######
#.#.#...........
#.#.#.......###.#
#.#.##'####.#
#@#.##.# #.#
#.#.##.####.# #
#.#.........#
#####.##.###.#######
.............#
#####.##.#####
######.##.#######
.......†........#
#######.#)#####.#


There were no monsters in sight!

Vanquished Creatures
  An ooze (D:1)
  A ball python (D:1)
  A giant cockroach (D:2)
  3 goblins
  A hobgoblin (D:1)
  3 jackals (D:1)
  2 bats (D:1)
  3 frilled lizards
  2 kobolds (D:1)
  2 rats
19 creatures vanquished.

Notes
Turn   | Place    | Note
-------+----------+-------------------------------------------
     0 | D:1      | slep the Barachi Gladiator began the quest for the Orb.
     0 | D:1      | Reached XP level 1. HP: 17/17 MP: 1/1
   215 | D:1      | Reached XP level 2. HP: 21/23 MP: 2/2
   721 | D:2      | Noticed Sigmund
   727 | D:2      | Reached skill level 4 in Axes
   727 | D:2      | Reached XP level 3. HP: 13/28 MP: 3/3
   741 | D:2      | Mangled by Sigmund

Vault maps used:
D:1:      giann_horns, grunt_decor_resistance
D:2:      minmay_tripent, uniq_sigmund

Skill      XL: |  1  2 |
---------------+-------+-----
Axes           | 4 |  4.0
Fighting       | |  2.5
Throwing       | |  2.1
Armour         | |  0.1
Dodging        | |  3.6
Stealth        | |  0.2

Action                   || total
-------------------------++-------
Melee: War axe           ||    57
 Stab: Sleeping          ||     1
Armor: Leather armour    ||    17
Dodge: Dodged            ||    59

Table legend:
 A = Spawn XP
 B = Non-spawn XP
 C = Spawn XP percentage of total XP
 D = Spawn monster count
 E = Non-spawn monster count
 F = Spawn count percentage of total count
 G = Total turns spent on level
                    A         B        C        D         E        F      G
               +---------+---------+-------+---------+---------+-------+---------
         Total |       0 |      34 |   0.0 |       0 |      19 |   0.0 |   741
               +---------+---------+-------+---------+---------+-------+---------
           D:1 |       0 |      27 |   0.0 |       0 |      14 |   0.0 |   653
           D:2 |       0 |       7 |   0.0 |       0 |       5 |   0.0 |    88
               +---------+---------+-------+---------+---------+-------+---------
